 Dungeon Crawl Stone Soup version 0.20-a0-1109-ge3cd172 (webtiles) character file.

397 Monsterracer the Changer (level 6, 0/76 HPs)
             Began as a Naga Transmuter on May 5, 2017.
             Succumbed to a scorpion's poison
             ... on level 4 of the Dungeon.
             The game lasted 00:14:09 (4993 turns).

Monsterracer the Changer (Naga Transmuter)          Turns: 4993, Time: 00:14:09

Health: 0/76       AC: 23    Str: 13    XL:     6   Next: 83%
Magic:  8/9        EV:  1    Int: 17    God:
Gold:   163        SH:  0    Dex: 11    Spells: 0/9 levels left

rFire    . . .     SeeInvis +     - Unarmed
rCold    . . .     Gourm    .   (no shield)
rNeg     + + +     Faith    .   (armour currently unavailable)
rPois    +         Spirit   .   (helmet currently unavailable)
rElec    .         Reflect  .   (cloak currently unavailable)
rCorr    .         Harm     .   (gloves currently unavailable)
MR       ++...     NoTele   +   (no barding)
Stlth    +.........             (no amulet)
Regen    0.3/turn               (no ring)
MPRegen  0.2/turn               (no ring)

@: lethally poisoned (0 -> -5), tree-form
A: see invisible, clever 1, magic resistance 2, slow metabolism 1, spit poison
1, subdued magic 1, AC +2
a: Spit Poison


You were on level 4 of the Dungeon.
You were not hungry.
You were a tree.
You visited 1 branch of the dungeon, and saw 5 of its levels.

You collected 163 gold pieces.

Inventory:

Missiles
 s - 7 exploding tomahawks (quivered)
Armour
 b - a +0 robe (melded)
 i - a +0 shield
 n - a +0 helmet
Wands
 t - a wand of polymorph (14/24)
Scrolls
 a - a scroll of remove curse {unknown}
 e - a scroll of teleportation {unknown}
 g - 2 scrolls of identify
 j - a scroll of noise {unknown}
 k - 2 scrolls of enchant weapon {unknown}
 m - a scroll of blinking {unknown}
 o - a scroll of amnesia {unknown}
 u - a scroll of magic mapping {unknown}
Potions
 f - a potion of mutation
 l - 2 potions of invisibility
Books
 c - a book of Changes

   Spells                             Type                      Level
   a - Beastly Appendage              Transmutation                1
   b - Sticks to Snakes               Transmutation                2
   c - Spider Form                    Transmutation/Poison         3
   d - Ice Form                       Ice/Transmutation            4
   e - Blade Hands                    Transmutation                5
 q - a book of Minor Magic

   Spells                             Type                      Level
   a - Magic Dart                     Conjuration                  1
   b - Blink                          Translocation                2
   c - Call Imp                       Summoning                    2
   d - Slow                           Hexes                        2
   e - Conjure Flame                  Conjuration/Fire             3
   f - Mephitic Cloud                 Conjuration/Poison/Air       3
Comestibles
 d - 3 bread rations
 p - a meat ration
 r - 3 chunks of flesh


   Skills:
 - Level 1.0 Fighting
 - Level 1.5 Dodging
 - Level 3.0 Unarmed Combat
 - Level 2.0 Spellcasting
 + Level 7.1 Transmutations


You couldn't memorise any spells.
You knew the following spells:

 Your Spells              Type           Power        Failure   Level  Hunger
a - Beastly Appendage     Tmut           ###...       1%          1    #......
b - Spider Form           Tmut/Pois      ##........   12%         3    ###....
c - Blade Hands           Tmut           ###.......   24%         5    ######.


Dungeon Overview and Level Annotations

Branches:
Dungeon (5/15)
 Temple: D:4-7

Altars:


Innate Abilities, Weirdness & Mutations

You cannot wear boots.
((Your serpentine skin is tough. (AC +2)))
You have supernaturally acute eyesight. (SInv)
((Armour fits poorly on your strangely shaped body.))
((Your system is resistant to poisons. (rPois)))
((You cover ground very slowly.))
You have a slow metabolism.
You can spit poison.
Your mind is acute. (Int +2)
You are highly resistant to hostile enchantments. (MR++)
Your spells are a little easier to cast, but a little less powerful.


Message History

You feel sick.
* * * LOW HITPOINT WARNING * * *
You feel sick.
* * * LOW HITPOINT WARNING * * *
You feel sick.
* * * LOW HITPOINT WARNING * * *
You feel sick.
* * * LOW HITPOINT WARNING * * *
You feel sick.
* * * LOW HITPOINT WARNING * * *
You feel sick.
* * * LOW HITPOINT WARNING * * *
You feel sick.
* * * LOW HITPOINT WARNING * * *
You feel sick.
You feel extremely strange.
Your magic regains its normal vibrancy.
You feel frail.
You feel clever.
Your connection to magic feels subdued.
You feel more resistant to hostile enchantments.
You die...

#####.............
#####..........>..
#............#####
#.###.....#(.# #.#
#.....# . #.#
#.....# #.#
#.....# #.#
........ #♣#
.###..#. #†# ..#
#.# #... #.# #.#.
#.# ... #.# #.#
#.# #[ .?. . #.# .


There were no monsters in sight!

Vanquished Creatures
  An ogre (D:5)
  A scorpion (D:4)
  An orc wizard (D:3)
  Terence (D:2)
  An iguana (D:5)
  Natasha (D:2)
  3 gnolls (D:3)
  An adder (D:2)
  4 oozes
  5 worms
  A leopard gecko (D:1)
  8 orcs
  2 giant cockroaches
  7 goblins
  9 hobgoblins
  11 jackals
  2 quokkas
  8 bats
  3 frilled lizards
  10 kobolds
  12 rats
92 creatures vanquished.

Vanquished Creatures (others)
  A plant (D:3)
1 creature vanquished.

Grand Total: 93 creatures vanquished

Notes
Turn   | Place    | Note
-------+----------+-------------------------------------------
     0 | D:1      | Monsterracer the Naga Transmuter began the quest for the Orb.
     0 | D:1      | Reached XP level 1. HP: 18/18 MP: 3/3
   407 | D:1      | Reached XP level 2. HP: 25/25 MP: 3/5
   449 | D:1      | Reached skill level 3 in Transmutations
  1112 | D:1      | Reached XP level 3. HP: 25/31 MP: 6/6
  1117 | D:1      | Learned a level 3 spell: Spider Form
  1570 | D:2      | Gained mutation: You are resistant to hostile enchantments. (MR+) [potion of mutation]
  1570 | D:2      | Gained mutation: Your spells are a little easier to cast, but a little less powerful. [potion of mutation]
  1570 | D:2      | Gained mutation: You are robust. (+10% HP) [potion of mutation]
  2111 | D:2      | Noticed Terence
  2123 | D:2      | Killed Terence
  2123 | D:2      | Reached skill level 4 in Transmutations
  2123 | D:2      | Reached XP level 4. HP: 41/41 MP: 3/7
  2378 | D:2      | Noticed Natasha
  2388 | D:2      | Killed Natasha
  2388 | D:2      | Reached skill level 5 in Transmutations
  2423 | D:2      | Reached XP level 5. HP: 44/48 MP: 2/8
  3993 | D:3      | Reached skill level 6 in Transmutations
  4472 | D:3      | You fall through a shaft for 2 floors!
  4472 | D:5      | Entered Level 5 of the Dungeon
  4558 | D:5      | Reached XP level 6. HP: 54/56 MP: 7/9
  4574 | D:5      | Learned a level 5 spell: Blade Hands
  4983 | D:4      | Reached skill level 7 in Transmutations
  4987 | D:4      | HP: 4/84 [poisoned by a scorpion]
  4991 | D:4      | HP: 1/84 [poisoned by a scorpion]
  4993 | D:4      | Lost mutation: Your spells are a little easier to cast, but a little less powerful. [potion of mutation]
  4993 | D:4      | Lost mutation: You are robust. (+10% HP) [potion of mutation]
  4993 | D:4      | Gained mutation: Your mind is acute. (Int +2) [potion of mutation]
  4993 | D:4      | Gained mutation: Your spells are a little easier to cast, but a little less powerful. [potion of mutation]
  4993 | D:4      | Gained mutation: You are highly resistant to hostile enchantments. (MR++) [potion of mutation]
  4993 | D:4      | Succumbed to a scorpion's poison

Vault maps used:
D:1:      dpeg_arrival_leaves_temple_mockup
D:2:      first_bread, uniq_natasha, uniq_terence
D:3:      chequers_big_river
D:4:      minmay_temple_entry_junction, kennysheep_small_circle, uniq_menkaure,
          uniq_grinder, uniq_duvessa, uniq_crazy_yiuf_cottage
D:5:      corexii_checkpoint_a

Skill      XL: |  1  2  3  4  5  6 |
---------------+-------------------+-----
Transmutations | 3 4 5 6 7 |  7.1
Fighting       | |  1.0
Dodging        | |  1.5
Unarmed Combat | |  3.0
Spellcasting   | |  2.0

Action                   |  1- 3 |  4- 6 || total
-------------------------+-------+-------++-------
Melee: Unarmed           |   133 |   177 ||   310
       Headbutt          |     7 |     5 ||    12
       Punch             |     1 |     3 ||     4
 Cast: Beastly Appendage |    11 |     4 ||    15
       Spider Form       |     2 |    10 ||    12
 Abil: Spit Poison       |     5 |    40 ||    45
       End Transformatio |       |     1 ||     1
  Use: Potion            |     5 |     3 ||     8
       Scroll            |       |     1 ||     1
 Stab: Sleeping          |       |     1 ||     1
  Eat: Chunk             |     3 |    11 ||    14
Armor: Robe              |    48 |    21 ||    69
       Skin              |       |     6 ||     6
Dodge: Dodged            |    93 |    90 ||   183
